 Dungeon Crawl Stone Soup version 0.21.0 (webtiles) character file.

8154 Drusha21 the Cleaver (level 11, -10/142 HPs)
             Began as a Minotaur Berserker on Feb 28, 2018.
             Was a High Priest of Trog.
             Mangled by a two-headed ogre
             ... wielding a +0 giant spiked club
              (15 damage)
             ... on level 9 of the Dungeon on Mar 1, 2018.
             The game lasted 00:43:56 (7465 turns).

Drusha21 the Cleaver (Minotaur Berserker)           Turns: 7465, Time: 00:43:57

Health: -10/142    AC: 14    Str: 33    XL:     11   Next: 6%
Magic:  10/10      EV: 10    Int:  6    God:    Trog [*****.]
Gold:   308        SH: 25    Dex: 10    Spells: 10/10 levels left

rFire    . . .     SeeInvis .   b - +3 hand axe (elec)
rCold    + . .     Gourm    .   y - +2 large shield
rNeg     . . .     Faith    .   j - +4 scale mail
rPois    +         Spirit   .   (helmet restricted)
rElec    .         Reflect  +   B - +0 cloak {rPois}
rCorr    .         Harm     .   (no gloves)
MR       .....     Rnd*Tele +   f - +0 pair of boots
Stlth    ..........             H - +4 amulet of reflection
HPRegen  0.33/turn              p - ring of protection from cold
MPRegen  0.12/turn              O - ring "Xuaron" {*Tele *Drain Str+3 Int+2}

@: berserking, very quick
A: retaliatory headbutt, horns 2
a: Berserk, Trog's Hand, Brothers in Arms, Burn Spellbooks, Renounce Religion


You were on level 9 of the Dungeon.
You worshipped Trog.
Trog was extremely pleased with you.
You were not hungry.

You visited 2 branches of the dungeon, and saw 10 of its levels.
You also visited: Ossuary.

You collected 308 gold pieces.

Inventory:

Hand Weapons
 b - a +3 hand axe of electrocution (weapon)
 s - a +0 war axe
 G - a +1 antimagic glaive
Armour
 f - a +0 pair of boots (worn)
 j - a +4 scale mail (worn)
 y - a +2 large shield (worn)
 B - a +0 cloak of poison resistance (worn)
Jewellery
 p - a ring of protection from cold (left hand)
 H - a +4 amulet of reflection (around neck)
 K - an uncursed ring of flight
 N - an uncursed ring of poison resistance
 O - the ring "Xuaron" (right hand) {*Tele *Drain Str+3 Int+2}
   (You found it on level 7 of the Dungeon)

   [ring of teleportation]

   It may teleport you next to monsters.
   It affects your strength (+3).
   It affects your intelligence (+2).
   It causes draining when unequipped.
 R - an uncursed amulet of the gourmand
Wands
 z - a wand of iceblast (12)
 L - a wand of polymorph (8)
Scrolls
 d - a scroll of blinking {unknown}
 e - 2 scrolls of identify
 i - 6 scrolls of remove curse
 k - 2 scrolls of enchant weapon
 l - 8 scrolls of teleportation
 m - a scroll of random uselessness {unknown}
 r - 3 scrolls of enchant armour
 t - 3 scrolls of fog
 x - a scroll of magic mapping {unknown}
 C - a scroll of immolation {unknown}
 D - 2 scrolls of acquirement
Potions
 g - a potion of ambrosia {unknown}
 h - 2 potions of might
 n - 5 potions of resistance
 o - a potion of lignification {unknown}
 q - a potion of cancellation {unknown}
 u - 3 potions of agility
 v - 4 potions of flight
 E - a potion of curing
 F - a potion of berserk rage
 I - 2 potions of degeneration
 J - a potion of haste {unknown}
 M - 2 potions of brilliance
Comestibles
 a - 16 chunks of flesh
 c - 13 rations


   Skills:
 + Level 8.6 Fighting
 + Level 13.2 Axes
 + Level 6.9 Armour
 + Level 5.9 Dodging
 + Level 10.3 Shields


You had 10 spell levels left.
You didn't know any spells.

Dungeon Overview and Level Annotations

Branches:
Dungeon (9/15)             Temple (1/1) D:6
   Lair: D:8-11         Orc: D:9-12

Altars:
Ashenzari
Cheibriados
Dithmenos
Elyvilon
Fedhas
Gozag
Hepliaklqana
Kikubaaqudgha
Makhleb
Nemelex Xobeh
Okawaru
Qazlal
Ru
Sif Muna
Trog
Uskayaw
Vehumet
Wu Jian
Xom
Yredelemnul
Zin
The Shining One

Shops:
D:4 :   D:9 %


Innate Abilities, Weirdness & Mutations

You reflexively headbutt those who attack you in melee.
You have a pair of horns on your head.


Message History

You block the two-headed ogre's attack. The two-headed ogre barely misses you.
You block the two-headed ogre's attack.
The two-headed ogre hits you with a giant club.
* * * LOW HITPOINT WARNING * * *
You feel better. You block the two-headed ogre's attack.
The two-headed ogre hits you with a giant club!
* * * LOW HITPOINT WARNING * * *
A red film seems to cover your vision as you go berserk!
You feel yourself moving faster!
You feel mighty!
You block the two-headed ogre's attack. x2
You slash the two-headed ogre!
The two-headed ogre is lightly wounded.
You hit the two-headed ogre.
The two-headed ogre is moderately wounded.
You hit the two-headed ogre.
Your headbutt misses the two-headed ogre.
The two-headed ogre is moderately wounded.
You block the two-headed ogre's attack.
The two-headed ogre hits you with a giant club!
You die...

#..# ###########..#######
....................
..?...............
................. #
..............# .#
..............# ..###
........%.)÷).#######.....
.......†..).%.))@O........
........##########...#####
######..# ########...#
..... ...........# ......
.......$.......
..........o....#########
.........∩.h.h.
............h. .....


You could see a two-headed ogre.

Vanquished Creatures
  Erica (D:8)
  A two-headed ogre (D:9)
  Pikel (D:8)
  Joseph (D:8)
  3 hippogriffs
  6 yaks
  3 hogs (D:7)
  A human (D:7)
  3 sky beasts
  2 orc warriors
  2 phantoms
  2 ogres
  5 centaurs
  2 crocodiles
  A big kobold (D:8)
  The ghost of centipede the Caller, an amateur KoSu (D:3)
  2 bullfrogs
  2 scorpions
  5 killer bees (D:9)
  8 howler monkeys
  5 crimson imps
  A centaur zombie (D:9)
  A quasit (D:8)
  2 jellies
  Crazy Yiuf (D:4)
  8 orc priests
  A centaur skeleton (D:5)
  A gnoll shaman (D:8)
  3 hounds
  A bullfrog skeleton (D:9)
  2 iguanas
  11 orc wizards
  5 worker ants
  Natasha (thrice) (D:3)
  5 big kobold zombies (Ossuary)
  A hound zombie (D:6)
  A mummy (Ossuary)
  A worker ant zombie (D:7)
  Robin (D:3)
  11 adders
  4 gnolls (D:8)
  2 shadow imps
  An ooze (D:1)
  An adder skeleton (D:5)
  2 adder zombies (D:8)
  4 worms
  A dart slug (D:5)
  2 leopard geckos (D:5)
  41 orcs
  2 spectral bats (Ossuary)
  3 ball pythons
  9 bats
  7 giant cockroaches
  19 goblins
  8 hobgoblins
  20 jackals
  3 quokkas
  3 bat simulacra (Ossuary)
  4 frilled lizards
  7 gnoll zombies (Ossuary)
  3 goblin simulacra (Ossuary)
  6 goblin zombies (Ossuary)
  3 hobgoblin zombies (Ossuary)
  14 kobolds
  4 kobold simulacra (Ossuary)
  2 kobold zombies (Ossuary)
  9 orc zombies
  A quokka skeleton (D:6)
  5 rats
  4 rat simulacra (Ossuary)
  3 spectral goblins (Ossuary)
  5 spectral kobolds (Ossuary)
  3 spectral rats (Ossuary)
322 creatures vanquished.

Vanquished Creatures (others)
  A human (D:5)
  A centaur (D:6)
  An orc (D:8)
  A fungus (D:9)
4 creatures vanquished.

Grand Total: 326 creatures vanquished

Notes
Turn   | Place    | Note
-------+----------+-------------------------------------------
     0 | D:1      | Drusha21 the Minotaur Berserker began the quest for the Orb.
     0 | D:1      | Reached XP level 1. HP: 19/19 MP: 0/0
    91 | D:1      | Reached XP level 2. HP: 24/27 MP: 1/1
    93 | D:1      | Reached skill level 4 in Axes
   253 | D:1      | Reached XP level 3. HP: 12/33 MP: 2/2
   357 | D:1      | Reached ** piety under Trog
   798 | D:2      | Reached XP level 4. HP: 41/41 MP: 3/3
  1043 | D:2      | Reached skill level 5 in Axes
  1156 | D:2      | Found an opulent altar of Gozag.
  1483 | D:3      | Reached XP level 5. HP: 39/47 MP: 4/4
  1549 | D:3      | Noticed centipede's ghost (amateur KoSu)
  1585 | D:3      | Killed centipede's ghost
  1585 | D:3      | Reached skill level 5 in Fighting
  1639 | D:3      | Reached *** piety under Trog
  1715 | D:3      | Reached skill level 6 in Axes
  1848 | D:3      | Noticed Natasha
  1852 | D:3      | Killed Natasha
  1852 | D:3      | Reached XP level 6. HP: 53/56 MP: 5/5
  1883 | D:3      | Noticed Natasha
  1894 | D:3      | Killed Natasha
  1949 | D:3      | Noticed Natasha
  1960 | D:3      | Killed Natasha
  2086 | D:3      | Noticed Robin
  2095 | D:3      | Killed Robin
  2106 | D:3      | Received a gift from Trog
  2442 | D:4      | Found a runed door.
  2464 | D:4      | Noticed Crazy Yiuf
  2469 | D:4      | Killed Crazy Yiuf
  2540 | D:4      | Reached skill level 7 in Axes
  2931 | D:4      | Found Adeff's Book Emporium.
  3042 | D:5      | Entered Level 5 of the Dungeon
  3209 | D:5      | Reached skill level 1 in Shields
  3209 | D:5      | Reached XP level 7. HP: 61/61 MP: 6/6
  3237 | D:5      | Found a sand-covered staircase.
  3249 | Ossuary  | Entered an ossuary
  3337 | Ossuary  | Reached **** piety under Trog
  3760 | D:5      | Found an ancient bone altar of Kikubaaqudgha.
  3762 | D:5      | Noticed a human
  3763 | D:5      | Killed a human
  3810 | D:5      | Reached ***** piety under Trog
  3899 | D:5      | Reached skill level 8 in Axes
  4361 | D:6      | Found a staircase to the Ecumenical Temple.
  4387 | D:6      | Reached XP level 8. HP: 67/70 MP: 7/7
  4524 | D:6      | Reached skill level 9 in Axes
  4853 | D:6      | Reached skill level 5 in Armour
  4925 | D:6      | Received a gift from Trog
  4933 | D:6      | Reached skill level 5 in Shields
  4943 | Temple   | Entered the Ecumenical Temple
  5383 | D:7      | Noticed a hippogriff
  5396 | D:7      | Killed a hippogriff
  5496 | D:7      | Reached skill level 10 in Axes
  5530 | D:7      | Reached XP level 9. HP: 63/78 MP: 8/8
  5625 | D:7      | Reached skill level 5 in Dodging
  5643 | D:7      | Reached skill level 11 in Axes
  5976 | D:7      | Got a translucent platinum ring
  6289 | D:8      | Noticed Joseph
  6315 | D:8      | Killed Joseph
  6315 | D:8      | Reached XP level 10. HP: 53/86 MP: 9/9
  6588 | D:8      | Identified the ring "Xuaron" {*Tele *Drain Str+3 Int+2} (You found it on level 7 of the Dungeon)
  6647 | D:8      | Reached skill level 12 in Axes
  6753 | D:8      | Noticed Pikel
  6763 | D:8      | Killed Pikel
  7029 | D:8      | Noticed Erica
  7044 | D:8      | Killed Erica
  7230 | D:8      | Identified 2 scrolls of acquirement
  7276 | D:9      | Found Exomy's Food Shoppe.
  7338 | D:9      | Noticed a two-headed ogre
  7341 | D:9      | Received a gift from Trog
  7354 | D:9      | Killed a two-headed ogre
  7354 | D:9      | Reached skill level 13 in Axes
  7354 | D:9      | Reached skill level 10 in Shields
  7378 | D:9      | Reached XP level 11. HP: 33/95 MP: 10/10
  7437 | D:9      | Noticed a two-headed ogre
  7461 | D:9      | HP: 3/95 [two-headed ogre/giant spiked club (14)]
  7465 | D:9      | Mangled by a two-headed ogre

Skill      XL: |  1  2  3  4  5  6  7  8  9 10 |
---------------+-------------------------------+-----
Axes           | 4 5 6 7 8 10 11 13 | 13.2
Fighting       | 4 5 6 7 8 |  8.6
Dodging        | 3 4 5 |  5.9
Armour         | 3 4 5 6 |  6.9
Shields        | 1 3 5 8 10 | 10.3

Action                   |  1- 3 |  4- 6 |  7- 9 | 10-12 || total
-------------------------+-------+-------+-------+-------++-------
Melee: Hand axe          |    72 |    55 |       |     3 ||   130
       Headbutt          |    14 |    23 |    84 |    41 ||   162
       War axe           |       |   147 |   409 |   216 ||   772
       Unarmed           |       |       |    22 |       ||    22
Invok: Berserk           |     1 |     1 |       |     1 ||     3
       Trog's Hand       |       |     1 |     1 |       ||     2
       Burn Spellbooks   |       |       |     1 |       ||     1
  Use: Scroll            |       |     3 |       |    14 ||    17
       Potion            |       |       |       |     5 ||     5
  Eat: Chunk             |     1 |     9 |     8 |     2 ||    20
       Ration            |       |       |     1 |     1 ||     2
Armor: Animal skin       |    21 |       |       |       ||    21
       Scale mail        |     6 |   113 |   121 |    39 ||   279
       Skin              |       |       |     1 |       ||     1
Dodge: Dodged            |    67 |   139 |    72 |    36 ||   314
Block: Large shield      |       |    28 |   376 |   276 ||   680
       Reflection        |       |       |    13 |    10 ||    23
